 Dungeon Crawl Stone Soup version 0.28.0-53-g5a82cb258f (webtiles) character file.

Game seed: 168371703717999090

123 gobodom the Firebug (level 4, -2/32 HPs)
             Began as a Demonspawn Fire Elementalist on June 8, 2022.
             Succumbed to a gnoll's poison
             ... on level 3 of the Dungeon.
             The game lasted 00:13:02 (2869 turns).

gobodom the Firebug (Demonspawn Fire Elementalist)  Turns: 2869, Time: 00:13:03

Health: -2/32      AC:  5    Str: 10    XL:     4   Next: 79%
Magic:  4/7        EV: 14    Int: 17    God:
Gold:   36         SH:  0    Dex: 15    Spells: 6/7 levels left

rFire   . . .      SeeInvis +   d - +3 hand axe (drain)
rCold   . . .      Faith    .   (no shield)
rNeg    . . .      Spirit   .   a - +0 robe
rPois   .          Reflect  .   b - +3 helmet "Waichiegg" {Dex+2 SInv}
rElec   .          Harm     .   (no cloak)
rCorr   .          Rampage  .   (no gloves)
Will    .....                   (no boots)
Stlth   ++........              (no amulet)
HPRegen 0.10/turn               (no ring)
MPRegen 0.10/turn               (no ring)

@: mighty, lethally poisoned (-2 -> -16)
A: repulsion field 1, weakness stinger 1, deformed body
a: no special abilities


You were on level 3 of the Dungeon.
You visited 1 branch of the dungeon, and saw 3 of its levels.

You collected 80 gold pieces.
You spent 44 gold pieces at shops.

Inventory:

Hand Weapons
 d - a +3 hand axe of draining (weapon)
Armour
 a - a +0 robe (worn)
 b - the +3 helmet "Waichiegg" (worn) {Dex+2 SInv}
   (You acquired it on level 1 of the Dungeon)

   Dex:       It affects your dexterity (+2).
   SInv:      It lets you see invisible.
Scrolls
 c - a scroll of immolation
 e - a scroll of torment {unknown}
 f - a scroll of brand weapon
 g - a scroll of teleportation
 h - 2 scrolls of enchant weapon {unknown}
 j - a scroll of vulnerability {unknown}
 k - a scroll of fear {unknown}
Potions
 l - a potion of degeneration {unknown}


   Skills:
 + Level 1.0 Fighting
 + Level 1.2 Axes
 + Level 2.4 Dodging
 + Level 2.3 Stealth
 + Level 2.3 Spellcasting
 + Level 1.6 Conjurations
 + Level 3.4 Fire Magic


You had 6 spell levels left.
You knew the following spells:

 Your Spells              Type           Power      Damage    Failure   Level
a - Foxfire               Conj/Fire      40%        2x1d6     6%          1

Your spell library contained the following spells:

 Spells                   Type           Power      Damage    Failure   Level
 Scorch                   Fire           26%        2d6       7%          2
 Conjure Flame            Conj/Fire      10%        6-21      19%         3
 Inner Flame              Hex/Fire       7%         N/A       26%         3
 Blink                    Tloc           4%         N/A       28%         2
 Lesser Beckoning         Tloc           2%         N/A       50%         3
 Flame Wave               Conj/Fire      10%        2d5       54%         4
 Manifold Assault         Tloc           2%         N/A       99%         5


Dungeon Overview and Level Annotations

Branches:
Dungeon (3/15)

Altars:
Kikubaaqudgha

Shops:
D:2 ?

Annotations:
D:3 1 transporter, Zeld's ghost, weakling OgTm


Innate Abilities, Weirdness & Mutations

You are surrounded by a mild repulsion field. (EV +2)
You have a small tail.
Armour fits poorly on your strangely shaped body.


Message History

Casting: Foxfire (safe; 6% risk of failure)
Confirm with . or Enter, or press ? or * to list all spells.
You conjure some foxfire!
The gnoll closely misses you. The gnoll barely misses you.
The foxfire hits the gnoll.
The gnoll is moderately wounded.
Casting: Foxfire (safe; 6% risk of failure)
Confirm with . or Enter, or press ? or * to list all spells.
You conjure some foxfire!
The gnoll completely misses you.
Unknown command.
The foxfire hits the gnoll.
The gnoll is heavily wounded.
The foxfire hits the gnoll.
The gnoll is severely wounded.
You hit the gnoll.
The gnoll is almost dead.
The gnoll hits you with a +0 whip.
Casting: Foxfire (safe; 6% risk of failure)
Confirm with . or Enter, or press ? or * to list all spells.
You conjure some foxfire!
The gnoll zaps a wand.
The puff of flame hits you!
Your foxfire dissipates!
The foxfire hits the gnoll.
The gnoll is heavily wounded.
The gnoll zaps a wand.
The puff of flame hits you!
There is an open translucent door here.
The gnoll hits you from afar with a +1 trident of venom.
* * * LOW HITPOINT WARNING * * *
The gnoll hits you from afar with a +0 vampiric spear.
* * * LOW HITPOINT WARNING * * *
Casting: Foxfire (safe; 6% risk of failure)
Confirm with . or Enter, or press ? or * to list all spells.
You conjure some foxfire!
Zeld's ghost turns its malevolent gaze towards you.
The gnoll hits you from afar with a +1 trident of venom.
* * * LOW HITPOINT WARNING * * *
You are lethally poisoned!
The gnoll barely misses you.
It was a potion of might.
You feel very mighty all of a sudden.
You die...

.# #.≈≈#g#g#.###.©.###.#.#.#≈≈..
.####.≈≈#...###©#####.###..g#≈≈..
......≈≈###..)......g.....###≈≈..
.###..≈≈.8#.######'###'##.#8.≈≈..
.###..≈≈.##.#...#8..#...#.##.≈≈..
......≈≈.#.W'..:#⌠g.....'..#.≈≈..
..[...≈≈.##.#..(#8..#...#.##.≈≈..
###...≈≈.8#.######g###'##.#8.≈≈..
#...≈≈###....v@g........###≈≈..
###..)≈≈#...###v#####.###...#≈≈..
......≈≈#.#.#.###.©.###.#.#.#≈≈..
###...≈≈#####...).......#####≈≈..
..[...≈≈≈≈≈≈≈≈≈≈≈...≈≈≈≈≈≈≈≈≈≈≈..
#####.≈≈≈≈≈≈≈≈≈≈≈...≈≈≈≈≈≈≈≈≈≈≈..
#............................
#.#.###....#.##.#.###.######.
#...# #.##...##...# #.# .


You could see Zeld's ghost and 2 gnolls.

Vanquished Creatures
  5 adders
  2 worms
  A dart slug (D:2)
  An orc (D:3)
  10 ball pythons
  4 bats
  5 endoplasms
  2 giant cockroaches
  11 hobgoblins
  8 jackals
  3 frilled lizards (D:3)
  4 goblins
  4 kobolds
  7 rats
67 creatures vanquished.

Vanquished Creatures (others)
  45 foxfires
  6 plants (D:3)
51 creatures vanquished.

Grand Total: 118 creatures vanquished

Notes
Turn   | Place    | Note
-------+----------+-------------------------------------------
     0 | D:1      | gobodom the Demonspawn Fire Elementalist began the quest
                  | for the Orb.
     0 | D:1      | Reached XP level 1. HP: 13/13 MP: 3/3
   584 | D:1      | Gained mutation: You are surrounded by a mild repulsion
                  | field. (EV +2) [demonic ancestry]
   584 | D:1      | Reached XP level 2. HP: 19/19 MP: 3/5
   601 | D:1      | Reached skill level 3 in Fire Magic
   604 | D:1      | Identified a scroll of acquirement
   604 | D:1      | Acquired the +3 helmet "Waichiegg" {Dex+2 SInv}
   613 | D:1      | Found a faded altar of an unknown god.
  1172 | D:2      | Gained mutation: You have a small tail. [demonic ancestry]
  1172 | D:2      | Reached XP level 3. HP: 24/24 MP: 6/6
  1569 | D:2      | Found Koipes's Magic Scroll Shop.
  1589 | D:2      | Bought a scroll of identify for 22 gold pieces
  1589 | D:2      | Bought a scroll of identify for 22 gold pieces
  1591 | D:2      | Gained mutation: Armour fits poorly on your strangely
                  | shaped body. [potion of mutation]
  1746 | D:2      | Reached XP level 4. HP: 30/30 MP: 7/7
  2076 | D:3      | Found a transporter.
  2110 | D:3      | Found an ancient bone altar of Kikubaaqudgha.
  2120 | D:3      | Reached skill level 1 in Fighting
  2265 | D:3      | Identified the +0 kite shield of Lesser Demons {Drain
                  | Dex+8}
  2283 | D:3      | Reached skill level 1 in Axes
  2765 | D:3      | Found a transporter.
  2770 | D:3      | Noticed Zeld's ghost (weakling OgTm)
  2780 | D:3      | Noticed a gnoll sergeant
  2868 | D:3      | HP: 1/32 [gnoll/+1 trident of venom (5)]
  2869 | D:3      | Succumbed to a gnoll's poison

Illustrated notes

Levels and vault maps discovered:
D:1:      noname_arrival_rooms_in_the_neighbourhood, layout_loops_cross,
          ebering_ecumenical_altar_box, item_on_display_a
D:2:      layout_loops_ring, serial_shops, nicolae_diamond_shop,
          nicolae_elevator_lobby_asterisk
D:3:      layout_loops_ring, nicolae_overflow_crystal_walls,
          gammafunk_ghost_gnarly_gnolls

Skill      XL: |  1  2  3  4 |
---------------+-------------+-----
Fire Magic     | 3 |  3.4
Dodging        | 2 |  2.4
Stealth        | 2 |  2.3
Fighting       | 1 |  1.0
Axes           | 1 |  1.2
Spellcasting   | |  2.3
Conjurations   | |  1.6

Action                   |  1- 3 |  4- 6 || total
-------------------------+-------+-------++-------
Melee: Unarmed           |     6 |       ||     6
       Hand axe          |    48 |    46 ||    94
       Tailslap          |     2 |     2 ||     4
 Cast: Foxfire           |    20 |     9 ||    29
  Use: Scroll            |     7 |       ||     7
       Potion            |     3 |     1 ||     4
 Stab: Sleeping          |     3 |     7 ||    10
Armor: Robe              |    20 |     8 ||    28
Dodge: Dodged            |    47 |    35 ||    82
